 Dungeon Crawl Stone Soup version 0.24-a0-7-g1bb0902 (webtiles) character file.

Game seed: 8503405625469940760

37 Inarius the Vexing (level 3, -3/14 HPs)
             Began as a Felid Enchanter on Jan 30, 2019.
             Slain by Sigmund
             ... wielding a +2 vampiric scythe
              (17 damage)
             ... on level 2 of the Dungeon.
             The game lasted 00:02:39 (1404 turns).

Inarius the Vexing (Felid Enchanter)                Turns: 1404, Time: 00:02:40

Health: -3/14      AC:  1    Str:  4    XL:     3   Next: 21%
Magic:  5/7        EV: 18    Int: 17    God:
Gold:   55         SH:  0    Dex: 16    Spells: 3/6 levels left
                                        Lives:  0   Deaths: 0

rFire    . . .     SeeInvis +     - Unarmed
rCold    . . .     Gourm    .   (shield unavailable)
rNeg     . . .     Faith    .   (armour unavailable)
rPois    .         Spirit   .   (helmet unavailable)
rElec    .         Reflect  .   (cloak unavailable)
rCorr    .         Harm     .   (gloves unavailable)
MR       .....                  (boots unavailable)
Stlth    +++.......             (no amulet)
HPRegen  0.04/turn              (no ring)
MPRegen  0.10/turn              (no ring)

@: quick
A: very small, no armour, no weapons or thrown items, stealth, claws 1, fangs 3,
see invisible, carnivore, speed 1, shaggy fur 1, slow metabolism 1, sharp paws
a: no special abilities


You were on level 2 of the Dungeon.
You were completely stuffed.

You visited 1 branch of the dungeon, and saw 2 of its levels.

You collected 55 gold pieces.

Inventory:

Jewellery
 i - a +3 ring of strength {unknown}
Scrolls
 a - a scroll of fog {unknown}
 c - a scroll of teleportation {unknown}
 e - 2 scrolls of enchant weapon {unknown}
 f - 3 scrolls of identify {unknown}
 k - a scroll of enchant armour {unknown}
 l - a scroll of random uselessness {unknown}
Potions
 d - a potion of flight {unknown}
 g - a potion of agility {unknown}
 h - a potion of might {unknown}
Comestibles
 b - a ration
 j - a chunk of flesh


   Skills:
 + Level 3.0 Dodging
 + Level 4.7 Stealth
 + Level 1.1 Unarmed Combat
 * Level 2.1 Spellcasting
 * Level 5.3 Hexes


You had 3 spell levels left.
You knew the following spells:

 Your Spells              Type           Power        Failure   Level  Hunger
a - Corona                Hex            ###....      2%          1    #......
b - Ensorcelled Hibernat  Hex/Ice        ##....       10%         2    ###....

Your spell library contained the following spells:

 Spells                   Type           Power        Failure   Level  Hunger
 Confuse                  Hex            ###.....     6%          3    ###....
 Tukima's Dance           Hex            ###.....     6%          3    ###....
 Dazzling Spray           Conj/Hex       ##....       19%         3    ###....


Dungeon Overview and Level Annotations

Branches:
Dungeon (2/15)

Altars:

Annotations:
D:2 Sigmund


Innate Abilities, Weirdness & Mutations

You cannot wear armour.
You are incapable of wielding weapons or throwing items.
Your paws allow you to move quietly. (Stealth)
You have sharp claws.
You have razor-sharp teeth.
You have supernaturally acute eyesight. (SInv)
You are carnivorous and can eat meat at any time.
You cover ground quickly.
You are covered in fur. (AC +1)
You have a slow metabolism.
Your sharp claws are effective at attacking unaware monsters.


Message History

Unknown command.
Casting: Ensorcelled Hibernation (safe; 10% risk of failure)
Confirm with . or Enter, or press ? or * to list all spells.
Aiming: Corona (safe; 2% risk of failure)
Press: ? - help, Shift-Dir - straight line, f - Sigmund
Aim: Sigmund, wielding a +2 vampiric scythe and wearing a +0 robe (heavily wounded, chance to defeat MR: 67%) Sigmund barely resists.
Sigmund closely misses you.
You scratch Sigmund.
Sigmund is severely wounded.
Sigmund closely misses you.
You scratch Sigmund but do no damage.
Sigmund is severely wounded.
You closely miss Sigmund.
Sigmund is severely wounded.
Sigmund drinks a potion.
Sigmund is healed!
You barely miss Sigmund. You claw Sigmund.
Sigmund is heavily wounded.
Sigmund hits you with a +2 vampiric scythe!
Ouch! That really hurt!
You die...

#..............
#..........##..
...............#### ..
#...........# ## ..
#.....^.##### #. ##.
#..##### #.
#..###..####### #.
#.##.@........# ###.
#...@##.......####...
#.#####.....>........
#.# #.......###.### #.#
#.<.....#...###
####.#####..............
#..........######..###..
#........####..........#
#.......###...###..#####
###.#.......### #.##


You could see Sigmund.

Vanquished Creatures
  2 oozes (D:1)
  A dart slug (D:1)
  2 leopard geckos
  A bat (D:2)
  A giant cockroach (D:1)
  5 goblins
  5 hobgoblins (D:1)
  A quokka (D:2)
  A frilled lizard (D:1)
  3 rats
22 creatures vanquished.

Notes
Turn   | Place    | Note
-------+----------+-------------------------------------------
     0 | D:1      | Inarius the Felid Enchanter began the quest for the Orb.
     0 | D:1      | Reached XP level 1. HP: 7/7 MP: 4/4
    52 | D:1      | You fall through a shaft!
   240 | D:2      | Reached XP level 2. HP: 11/11 MP: 6/6
   307 | D:1      | Reached skill level 5 in Hexes
   794 | D:1      | Learned a level 2 spell: Ensorcelled Hibernation
  1039 | D:1      | Reached XP level 3. HP: 12/14 MP: 7/7
  1393 | D:2      | Noticed Sigmund
  1404 | D:2      | Slain by Sigmund

Vault maps used:
D:1:      lemuel_arrival_lava_pool, kennysheep_decorative_pillar
D:2:      first_ration, minmay_stone_trees_medium, minmay_tetromino_s2,
          uniq_sigmund, uniq_natasha

Skill      XL: |  1  2  3 |
---------------+----------+-----
Hexes          | 5 |  5.3
Dodging        | 3 |  3.0
Stealth        | |  4.7
Unarmed Combat | |  1.1
Spellcasting   | |  2.1

Action                   || total
-------------------------++-------
Melee: Unarmed           ||    61
       Bite              ||     4
       Punch             ||     1
 Cast: Corona            ||     9
       Ensorcelled Hiber ||     7
 Stab: Sleeping          ||    12
  Eat: Chunk             ||     9
Dodge: Dodged            ||    34

Table legend:
 A = Non-vault XP
 B = Vault XP
 C = Vault XP percentage of total XP
 D = Non-vault monster count
 E = Vault monster count
 F = Vault count percentage of total count
                 A         B        C        D         E       F
            +---------+---------+-------+---------+---------+-------
      Total |      53 |       0 |   0.0 |      22 |       0 |   0.0
            +---------+---------+-------+---------+---------+-------
        D:1 |      42 |       0 |   0.0 |      16 |       0 |   0.0
        D:2 |      11 |       0 |   0.0 |       6 |       0 |   0.0
            +---------+---------+-------+---------+---------+-------
